 Dungeon Crawl Stone Soup version 0.28.0-47-ge53b351184 (webtiles) character file.

Game seed: 7196964322806406561

291 Allula97 the Sneak (level 6, 0/50 HPs)
             Began as a Demonspawn Brigand on May 5, 2022.
             Slain by a scorpion (1 damage)
             ... on level 3 of the Dungeon.
             The game lasted 00:05:54 (2865 turns).

Allula97 the Sneak (Demonspawn Brigand)             Turns: 2865, Time: 00:05:54

Health: 0/50       AC:  8    Str: 17    XL:     6   Next: 10%
Magic:  8/8        EV: 12    Int: 12    God:
Gold:   101        SH:  0    Dex: 17    Spells: 7/7 levels left

rFire   . . .      SeeInvis .   a - +2 dagger
rCold   . . .      Faith    .   (no shield)
rNeg    . . .      Spirit   .   i - +0 ring mail
rPois   .          Reflect  .   f - +0 helmet
rElec   .          Harm     .   c - +0 cloak
rCorr   .          Rampage  .   (no gloves)
Will    +....      Clarity  +   q - +0 pair of boots
Stlth   +++.......              (no amulet)
HPRegen 0.16/turn               l - +6 ring of strength
MPRegen 0.11/turn               (no ring)

@: attractive
A: sturdy frame 2, clarity, deterioration 1, strong-willed 1, robust 1
a: no special abilities


You were on level 3 of the Dungeon.
You visited 1 branch of the dungeon, and saw 4 of its levels.

You collected 101 gold pieces.

Inventory:

Hand Weapons
 a - a +2 dagger (weapon)
 n - a +0 rapier
Missiles
 d - 10 poisoned darts
 e - 2 curare-tipped darts (quivered)
Armour
 c - a +0 cloak (worn)
 f - a +0 helmet (worn)
 i - a +0 ring mail (worn)
 q - a +0 pair of boots (worn)
Jewellery
 l - a +6 ring of strength (left hand)
Scrolls
 b - a scroll of amnesia {unknown}
 h - a scroll of fear {unknown}
 k - 3 scrolls of enchant weapon {unknown}
 m - a scroll of immolation {unknown}
Potions
 j - a potion of mutation


   Skills:
 * Level 2.6 Fighting
 * Level 3.4 Short Blades
 - Level 1.7 Throwing
 * Level 1.7 Armour
 * Level 1.9 Dodging
 * Level 4.9 Stealth
 * Level 1.3 Spellcasting


You had 7 spell levels left.
You didn't know any spells.
Your spell library contained the following spells:

 Spells                   Type           Power      Damage    Failure   Level
 Conjure Flame            Conj/Fire      0%         6-21      67%         3
 Ignite Poison            Fire/Tmut/Pois 0%         N/A       67%         3
 Sticky Flame             Conj/Fire      0%         2d3       97%         4


Dungeon Overview and Level Annotations

Branches:
Dungeon (4/15)
 Temple: D:4-7

Altars:
Wu Jian


Innate Abilities, Weirdness & Mutations

Your movements are less encumbered by armour. (ER -4)
You possess an exceptional clarity of mind.
Your body sometimes deteriorates upon taking damage.
You are strong-willed. (Will+)
You are robust. (+10% HP)


Message History

The scorpion stings you but does no damage.
You hit the scorpion.
The scorpion is almost dead.
The scorpion stings you but does no damage.
You hit the scorpion but do no damage.
The scorpion is almost dead.
The scorpion stings you but does no damage.
You hit the scorpion but do no damage.
The scorpion is almost dead.
The scorpion stings you.
* * * LOW HITPOINT WARNING * * *
You barely miss the scorpion.
The scorpion is almost dead.
The scorpion stings you but does no damage.
You hit the scorpion but do no damage.
The scorpion is almost dead.
The scorpion stings you but does no damage.
You barely miss the scorpion.
The scorpion is almost dead.
The scorpion stings you but does no damage.
You hit the scorpion but do no damage.
The scorpion is almost dead.
The scorpion stings you but does no damage.
You hit the scorpion but do no damage.
You punch the scorpion, but do no damage.
The scorpion is almost dead.
The scorpion stings you.
* * * LOW HITPOINT WARNING * * *
It was a potion of attraction.
You feel attractive to monsters.
The scorpion stings you but does no damage.
It was a potion of cancellation.
Your magical effects are unravelling.
You feel magically purged.
You feel less wooden.
Your +0 cloak unmelds from your body.
Your +0 helmet unmelds from your body.
Your +0 pair of boots unmelds from your body.
Your +0 ring mail unmelds from your body.
The scorpion stings you.
You die...

#............#.#
#.##########.#.# #.#
#.#.####### ##'##
#.#......รท# #...#
#.#.......# #...#
##.#.......# #...#
#..#)#.....#
#...########..#.#.....#
##.###@s........'.....'
######..............#.....#
#.......##....##..#.#.....#
#.......+.........#.#......
#.......##....##..########.
#......)##....##..# #.
#....^..##....##..# #.
#.......##....##..# ##
##########.#####..#####


You could see a scorpion.

Vanquished Creatures
  Sigmund (D:2)
  Robin (D:3)
  4 gnolls (D:3)
  An adder (D:2)
  An adder skeleton (D:2)
  2 worms
  3 dart slugs
  3 orcs (D:3)
  4 bats
  7 endoplasms
  2 giant cockroaches
  8 goblins
  4 hobgoblins
  7 kobolds
  4 quokkas
  2 ball pythons (D:2)
  5 frilled lizards
  9 rats
68 creatures vanquished.

Notes
Turn   | Place    | Note
-------+----------+-------------------------------------------
     0 | D:1      | Allula97 the Demonspawn Brigand began the quest for the
                  | Orb.
     0 | D:1      | Reached XP level 1. HP: 16/16 MP: 1/1
   142 | D:1      | Reached skill level 1 in Dodging
   226 | D:1      | Gained mutation: Your movements are slightly less
                  | encumbered by armour. (ER -2) [demonic ancestry]
   226 | D:1      | Reached XP level 2. HP: 19/22 MP: 2/2
   311 | D:1      | Reached skill level 4 in Stealth
   646 | D:1      | Reached XP level 3. HP: 23/27 MP: 3/3
  1810 | D:2      | Noticed Sigmund
  1816 | D:2      | Killed Sigmund
  1817 | D:2      | Reached skill level 1 in Armour
  1817 | D:2      | Reached skill level 1 in Spellcasting
  1817 | D:2      | Reached XP level 4. HP: 34/34 MP: 3/5
  1817 | D:2      | Reached XP level 5. HP: 39/39 MP: 3/6
  1885 | D:2      | Found a faded altar of an unknown god.
  2028 | D:3      | Found an ornate altar of the Wu Jian Council.
  2462 | D:3      | Gained mutation: Your movements are less encumbered by
                  | armour. (ER -4) [demonic ancestry]
  2462 | D:3      | Reached XP level 6. HP: 46/46 MP: 7/7
  2603 | D:3      | Noticed Robin
  2629 | D:3      | Killed Robin
  2846 | D:3      | Gained mutation: You are robust. (+10% HP) [potion of
                  | mutation]
  2846 | D:3      | Gained mutation: Your body sometimes deteriorates upon
                  | taking damage. [potion of mutation]
  2846 | D:3      | Gained mutation: You possess an exceptional clarity of
                  | mind. [potion of mutation]
  2846 | D:3      | Gained mutation: You are strong-willed. (Will+) [potion of
                  | mutation]
  2863 | D:3      | HP: 1/75 [scorpion (6)]
  2865 | D:3      | Slain by a scorpion

Illustrated notes

Levels and vault maps discovered:
D:1:      dpeg_arrival_rhombus, layout_basic, serial_bayou_pond_d,
          minmay_statues_item
D:2:      layout_loops_ring, shapermc_ecumenical_altar_mp_highgroup,
          uniq_sigmund
D:3:      layout_basic, amcnicky_altar_gilded, uniq_robin
D:4:      minmay_inner_zag, layout_basic, minmay_temple_entry_waves,
          minmay_vboxes, uniq_grinder

Skill      XL: |  1  2  3 |
---------------+----------+-----
Dodging        | 1 |  1.9
Stealth        | 4 |  4.9
Short Blades   | 2 3 |  3.4
Armour         | 1 |  1.7
Spellcasting   | 1 |  1.3
Fighting       | |  2.6
Throwing       | |  1.7

Action                   |  1- 3 |  4- 6 || total
-------------------------+-------+-------++-------
Melee: Dagger            |    96 |   134 ||   230
       Punch             |       |     1 ||     1
Throw: Dart              |     2 |     1 ||     3
  Use: Potion            |       |     4 ||     4
 Stab: Sleeping          |    10 |     5 ||    15
Armor: Robe              |     8 |       ||     8
       Ring mail         |    21 |    24 ||    45
       Skin              |       |    14 ||    14
Dodge: Dodged            |    47 |    56 ||   103
